 Dungeon Crawl Stone Soup version 0.23-b1-6-ga921848b48 (webtiles) character file.

Game seed: 16776018102727960062

438 Oravi the Slasher (level 7, -6/63 HPs)
             Began as a Naga Warper on Feb 1, 2019.
             Was a Follower of Cheibriados.
             Mangled by an orc warrior
             ... wielding a +0 battleaxe
              (16 damage)
             ... on level 4 of the Dungeon.
             The game lasted 00:33:04 (5357 turns).

Oravi the Slasher (Naga Warper)                     Turns: 5357, Time: 00:33:05

Health: -6/63      AC:  4    Str: 15    XL:     7   Next: 1%
Magic:  10/10      EV: 10    Int: 17    God:    Cheibriados [*.....]
Gold:   105        SH:  0    Dex: 15    Spells: 3/10 levels left

rFire    . . .     SeeInvis +   a - +0 falchion
rCold    . . .     Gourm    .   (no shield)
rNeg     . . .     Faith    .   x - +1 leather armour
rPois    +         Spirit   .   (no helmet)
rElec    .         Reflect  .   (no cloak)
rCorr    .         Harm     .   (no gloves)
MR       .....                  (no barding)
Stlth    ++........             (no amulet)
HPRegen  0.20/turn              n - +2 ring of dexterity
MPRegen  0.12/turn              y - ring of wizardry

@: about to teleport, very slightly contaminated, very slow
A: large, see invisible, deformed body, poison resistance, slowness 2, slow
metabolism 1, spit poison 1, AC +2
a: Spit Poison, Bend Time, Renounce Religion


You were on level 4 of the Dungeon.
You worshipped Cheibriados.
Cheibriados was aware of your devotion.
You were not hungry.

You visited 1 branch of the dungeon, and saw 4 of its levels.

You collected 105 gold pieces.

Inventory:

Hand Weapons
 a - a +0 falchion (weapon)
 b - a +0 hunting sling
 p - a +0 whip of electrocution
Missiles
 e - 3 tomahawks of dispersal
 q - 31 sling bullets
 s - 10 stones (quivered)
 t - 13 poisoned needles
 v - 6 javelins
 z - 40 arrows
Armour
 c - a +0 ring mail
 k - a +0 large shield
 x - a +1 leather armour (worn)
Jewellery
 n - a +2 ring of dexterity (left hand)
 y - a ring of wizardry (right hand)
Wands
 w - a wand of polymorph (8)
Scrolls
 d - a scroll of blinking
 h - 2 scrolls of immolation {unknown}
 u - 2 scrolls of remove curse {@r2}
 C - a scroll of enchant armour
Potions
 i - a potion of haste
 j - a potion of flight
 l - a potion of brilliance
 m - 4 potions of curing {@q1}
 o - 2 potions of agility {unknown}
 r - 2 potions of heal wounds
 A - a potion of might {unknown}
 B - 2 potions of lignification {unknown}
Comestibles
 f - 6 rations


   Skills:
 + Level 3.9 Fighting
 * Level 5.2 Long Blades
 - Level 0.8 Throwing
 - Level 0.7 Armour
 - Level 1.5 Dodging
 + Level 3.1 Stealth
 + Level 2.4 Spellcasting
 - Level 1.0 Charms
 + Level 3.3 Translocations
 + Level 0.7 Invocations


You had 3 spell levels left.
You knew the following spells:

 Your Spells              Type           Power        Failure   Level  Hunger
a - Blink                 Tloc           N/A          3%          2    ##.....
b - Shroud of Golubria    Chrm/Tloc      #.........   6%          2    ##.....
c - Lesser Beckoning      Tloc           ##........   7%          3    ###....

Your spell library contained the following spells:

 Spells                   Type           Power        Failure   Level  Hunger
 Gell's Gravitas          Tloc           ##........   7%          3    ###....
 Teleport Other           Tloc           ##......     7%          3    ###....
 Passage of Golubria      Tloc           N/A          22%         4    #####..


Dungeon Overview and Level Annotations

Branches:
Dungeon (4/15)
 Temple: D:4-7

Altars:
Cheibriados
Fedhas
Hepliaklqana
Makhleb
Trog
Uskayaw
Xom
The Shining One

Annotations:
D:3 2 transporters, ice beast, stillor's ghost, amateur DsFi
D:4 exclusions: orc warrior and phantom


Innate Abilities, Weirdness & Mutations

You cannot wear boots.
Your serpentine skin is tough. (AC +2)
You have supernaturally acute eyesight. (SInv)
Armour fits poorly on your strangely shaped body.
Your system is resistant to poisons. (rPois)
You cover ground very slowly.
You have a slow metabolism.
You can spit poison.


Message History

The orc wizard mumbles some strange words.
The orc wizard seems to speed up.
Blink to where?
You are very lightly contaminated with residual magic.
As you read the scroll of blinking, it crumbles to dust.
You have got your breath back.
Your surroundings seem slightly different.
Okay, then.
Okay, then.
As you read the scroll of teleportation, it crumbles to dust.
You feel strangely unstable.
The orc wizard suddenly yells, as Orcs often do.
The orc wizard gestures at you while chanting.
The puff of flame hits you!
* * * LOW HITPOINT WARNING * * *
The orc wizard gestures wildly while chanting.
The orc wizard blinks!
The orc wizard hits you but does no damage.
The orc warrior hits you with a +0 battleaxe!
You die...

##..#
#..#.......#.#######
###+# ...##.....##.#
.# ..####.####.#
.#..# #............#
##..# #..##<..##...#
##... #+###...##.###
##..# .....(.....#
##..# ...####'####
#...# . #.o@## +...#
#+###oo..# #..<#
#.......## ##..##
#..§....# ##...+
#..##....# .....#
#o§##....# .....#
+..##...## .....#
#...##### ######.
#...#


You could see an orc warrior, 2 orc wizards and an orc.

Vanquished Creatures
  An ogre (D:4)
  2 orc priests
  A hound (D:4)
  An orc wizard (D:3)
  A worker ant (D:4)
  4 gnolls (D:2)
  7 adders
  2 oozes
  4 worms (D:2)
  4 dart slugs
  3 leopard geckos (D:2)
  6 orcs
  7 bats
  3 giant cockroaches
  8 goblins
  7 hobgoblins
  5 jackals
  4 quokkas
  2 ball pythons (D:1)
  2 frilled lizards
  4 kobolds
  9 rats
87 creatures vanquished.

Notes
Turn   | Place    | Note
-------+----------+-------------------------------------------
     0 | D:1      | Oravi the Naga Warper began the quest for the Orb.
     0 | D:1      | Reached XP level 1. HP: 19/19 MP: 3/3
   302 | D:1      | Reached XP level 2. HP: 21/26 MP: 5/5
   925 | D:1      | Reached skill level 3 in Long Blades
   926 | D:1      | Reached XP level 3. HP: 12/33 MP: 6/6
   932 | D:1      | Learned a level 2 spell: Blink
   935 | D:1      | Learned a level 2 spell: Shroud of Golubria
  1606 | D:2      | Reached XP level 4. HP: 37/40 MP: 7/7
  1611 | D:2      | Learned a level 3 spell: Lesser Beckoning
  1945 | D:2      | Reached skill level 4 in Long Blades
  2594 | D:2      | Reached XP level 5. HP: 46/49 MP: 8/8
  2931 | D:2      | Reached skill level 1 in Stealth
  3232 | D:3      | Found a blossoming altar of Fedhas.
  3646 | D:3      | Found a hazy altar of Hepliaklqana.
  3647 | D:3      | Found a shimmering altar of Xom.
  3647 | D:3      | Noticed a torpor snail
  3648 | D:3      | Noticed a spectral ugly thing
  3648 | D:3      | Noticed a torpor snail
  3778 | D:3      | Found a snail-covered altar of Cheibriados.
  3791 | D:3      | Became a worshipper of Cheibriados the Contemplative
  3806 | D:3      | Noticed a centaur
  3806 | D:3      | Noticed stillor's ghost (amateur DsFi)
  3808 | D:3      | Found a transporter.
  3869 | D:3      | Found a transporter.
  4567 | D:2      | Reached XP level 6. HP: 41/56 MP: 6/9
  4867 | D:4      | Reached skill level 5 in Long Blades
  4917 | D:4      | Noticed an ice beast
  5102 | D:4      | Noticed an orc warrior
  5128 | D:4      | Reached skill level 1 in Charms
  5149 | D:4      | Reached * piety under Cheibriados
  5172 | D:4      | Reached XP level 7. HP: 49/63 MP: 10/10
  5292 | D:4      | Found a hide-covered altar of Uskayaw.
  5293 | D:4      | Found a burning altar of Makhleb.
  5293 | D:4      | Found a bloodstained altar of Trog.
  5293 | D:4      | Found a glowing golden altar of the Shining One.
  5301 | D:4      | Found a blossoming altar of Fedhas.
  5357 | D:4      | Mangled by an orc warrior

Skill      XL: |  1  2  3  4  5  6 |
---------------+-------------------+-----
Long Blades    | 3 4 5 |  5.2
Fighting       | 3 |  3.9
Stealth        | 2 3 |  3.1
Charms         | 1 |  1.0
Throwing       | |  0.8
Armour         | |  0.7
Dodging        | |  1.5
Spellcasting   | |  2.4
Translocations | |  3.3
Invocations    | |  0.7

Action                   |  1- 3 |  4- 6 |  7- 9 || total
-------------------------+-------+-------+-------++-------
Melee: Falchion          |    86 |   261 |     9 ||   356
 Fire: Hunting sling     |       |     8 |       ||     8
Throw: Tomahawk          |     1 |     1 |       ||     2
       Stone             |       |     4 |       ||     4
 Cast: Shroud of Golubri |       |     7 |       ||     7
 Abil: Spit Poison       |     2 |    23 |     2 ||    27
  Use: Scroll            |     4 |     4 |     3 ||    11
       Potion            |       |     1 |       ||     1
 Stab: Sleeping          |       |     4 |     1 ||     5
  Eat: Chunk             |     1 |     9 |       ||    10
       Ration            |       |     1 |       ||     1
Armor: Leather armour    |    20 |    75 |     2 ||    97
       Ring mail         |     2 |       |       ||     2
Dodge: Dodged            |    47 |   124 |     3 ||   174
       Rpst.: Falchion   |    19 |    31 |     1 ||    51
